 Dungeon Crawl Stone Soup version 0.26-a0-466-g989023bd0d (webtiles) character file.

Game seed: 17754426053409551241

5823 Inarius the Slicer (level 11, -8/100 HPs)
             Began as a Kobold Wanderer on Aug 13, 2020.
             Was an Elder of Okawaru.
             Mangled by Snorg (12 damage)
             ... on level 10 of the Dungeon.
             The game lasted 00:15:37 (10737 turns).

Inarius the Slicer (Kobold Wanderer)               Turns: 10737, Time: 00:15:38

Health: -8/100     AC: 25    Str:  9    XL:     11   Next: 7%
Magic:  11/11      EV:  3    Int: 17    God:    Okawaru [****..]
Gold:   410        SH:  5    Dex: 15    Spells: 10/10 levels left

rFire    . . .     SeeInvis .   o - +2 short sword (flame)
rCold    . . .     Faith    .   A - +0 buckler
rNeg     + + +     Spirit   .   (armour currently unavailable)
rPois    +         Reflect  .   (helmet currently unavailable)
rElec    .         Harm     .   (cloak currently unavailable)
rCorr    .         NoTele   +   (gloves currently unavailable)
MR       .....                  (boots currently unavailable)
Stlth    ++++++....             k - amulet of the acrobat
HPRegen  0.26/turn              p - +4 ring of slaying
MPRegen  0.12/turn              e - ring of poison resistance

@: tree-form
A: small, nightstalker 3
a: Heroism, Renounce Religion


You were on level 10 of the Dungeon.
You worshipped Okawaru.
Okawaru was greatly pleased with you.
You were a tree.
You visited 1 branch of the dungeon, and saw 10 of its levels.
You also visited: Sewer.

You collected 438 gold pieces.
You spent 28 gold pieces at shops.

Inventory:

Hand Weapons
 a - the +2 falchion of Salt {vamp, *Noise rF++ Str+2 Int+2}
   (You found it on level 9 of the Dungeon)

   It inflicts no extra harm, but heals its wielder when it wounds a living foe.
   It affects your strength (+2).
   It affects your intelligence (+2).
   It greatly protects you from fire.
   It may make noises in combat.
 o - a +2 short sword of flaming (weapon)
 u - the +4 whip "Xerusm" {speed, rN+ Str-2 Dex+4}
   (You found it on level 4 of the Dungeon)

   Attacks with this weapon are significantly faster.
   It affects your strength (-2).
   It affects your dexterity (+4).
   It protects you from negative energy.
Armour
 h - a +0 pair of boots (melded)
 m - a +0 leather armour (melded)
 n - +0 swamp dragon scales
 A - a +0 buckler (worn)
 G - a +0 cloak (melded)
Jewellery
 e - a ring of poison resistance (right branch)
 k - an amulet of the acrobat (around neck)
 p - a +4 ring of slaying (left branch)
 F - an uncursed ring of see invisible
Wands
 E - a wand of flame (15)
 K - a wand of acid (13)
Scrolls
 b - a scroll of magic mapping
 f - a scroll of amnesia
 r - a scroll of immolation
 v - 2 scrolls of enchant weapon {unknown}
 w - 7 scrolls of teleportation
 y - 3 scrolls of blinking {unknown}
 C - 2 scrolls of noise {unknown}
 H - a scroll of torment {unknown}
 J - a scroll of vulnerability {unknown}
Potions
 g - 2 potions of curing
 i - a potion of heal wounds
 l - 3 potions of berserk rage {unknown}
 q - 2 potions of brilliance
 t - a potion of might {unknown}
 x - 2 potions of flight {unknown}
 z - a potion of resistance {unknown}
 B - a potion of lignification
 I - 2 potions of haste {unknown}


   Skills:
 + Level 7.4 Fighting
 * Level 12.0 Short Blades
   Level 1.0 Staves
 - Level 1.1 Throwing
 + Level 2.3 Armour
 + Level 7.0 Dodging
 + Level 10.9 Stealth
 + Level 2.4 Shields
 + Level 0.3 Invocations
 * Level 5.9 Evocations


You had 10 spell levels left.
You didn't know any spells.
Your spell library contained the following spells:

 Spells                   Type           Power        Failure   Level
 Sting                    Tmut/Pois      #...         30%         1
 Poisonous Vapours        Pois/Air       #.....       43%         2
 Confusing Touch          Hex            #.......     67%         3
 Gell's Gravitas          Tloc           #.........   67%         3
 Ignite Poison            Fire/Tmut/Pois #.......     67%         3
 Mephitic Cloud           Conj/Pois/Air  #.......     67%         3
 Olgreb's Toxic Radiance  Pois           #.......     97%         4
 Petrify                  Tmut/Erth      #.......     97%         4
 Metabolic Englaciation   Hex/Ice        #.........   100%        5
 Yara's Violent Unravell  Hex/Tmut       #.........   100%        5


Dungeon Overview and Level Annotations

Branches:
Dungeon (10/15)            Temple (0/1) D:7            Lair (0/6) D:8
  Sewer (visited)
    Orc: D:9-12

Altars:
Ashenzari
Cheibriados
Fedhas
Gozag
Kikubaaqudgha
Nemelex Xobeh
Okawaru
Trog
Uskayaw
Wu Jian
The Shining One

Shops:
D:4 }   D:5 *

Annotations:
D:8 3 runed translucent doors
D:9 Josephine
D:10 Snorg


Innate Abilities, Weirdness & Mutations

You are small and have problems with some larger weapons.
You are completely attuned to the shadows.


Message History

Unknown command.
Evoke which item? (* to show all) (? for menu, Esc to quit)
Aiming: Corrosive Bolt
Press: ? - help, Shift-Dir - straight line, f/p - Snorg
Aim: Snorg (almost dead, berserk)
The bolt of acid misses Snorg.
The bolt of acid hits the hound!
The hound is splashed with acid.
The acid corrodes the hound!
The hound is almost dead.
The bolt of acid hits the killer bee!
The killer bee is splashed with acid!
You kill the killer bee!
Okawaru accepts your kill. Snorg bites you.
* * * LOW HITPOINT WARNING * * *
Snorg claws you.
* * * LOW HITPOINT WARNING * * *
Snorg claws you.
* * * LOW HITPOINT WARNING * * *
A wraith comes into view.
Snorg bites you but does no damage. Snorg claws you!
You die...

........ .. .......##...
.### ............###...#
...................
##W##.......<....
#†.hT♣...........
#....##...........##
#..####...........######
... #.............#...#
.. ...................#
.......##.........##
###..###.......### ...
#......## .. ##.....#


You could see Snorg (berserk), a wraith (wandering) and a hound (corroded).

Vanquished Creatures
  A two-headed ogre (D:9)
  Maggie (D:7)
  A wyvern (D:9)
  3 wraiths
  A water moccasin (D:6)
  A porcupine (D:8)
  3 orc warriors
  2 sky beasts
  3 black bears
  4 ogres
  5 phantoms
  4 centaurs
  8 bullfrogs
  2 scorpions (D:9)
  6 killer bees
  3 wights (D:9)
  2 jellies
  A centaur skeleton (D:2)
  A quasit (D:5)
  4 hounds
  3 orc priests
  3 bullfrog skeletons
  3 iguanas
  8 orc wizards
  6 worker ants
  A hound skeleton (D:7)
  11 adders
  10 gnolls
  A howler monkey skeleton (D:7)
  3 shadow imps
  4 white imps
  2 oozes (D:1)
  An adder skeleton (D:7)
  2 worms
  2 dart slugs
  8 leopard geckos
  21 orcs
  12 giant cockroaches
  5 hobgoblins
  14 jackals
  4 kobolds
  4 quokkas
  4 ball pythons (Sewer)
  5 bats
  8 frilled lizards
  8 goblins
  A jackal skeleton (D:5)
  A leopard gecko skeleton (D:6)
  6 rats
217 creatures vanquished.

Notes
Turn   | Place    | Note
-------+----------+-------------------------------------------
     0 | D:1      | Inarius the Kobold Wanderer began the quest for the Orb.
     0 | D:1      | Inarius set off with the following items: a +2
                  | quarterstaff, 2 potions of lignification, a +0 robe
     0 | D:1      | Reached XP level 1. HP: 16/16 MP: 1/1
   362 | D:1      | Reached XP level 2. HP: 15/20 MP: 2/2
   748 | D:1      | Reached skill level 5 in Fighting
   773 | D:1      | Reached XP level 3. HP: 26/26 MP: 3/3
  1079 | D:1      | Reached XP level 4. HP: 29/31 MP: 4/4
  1622 | D:2      | Reached XP level 5. HP: 17/36 MP: 5/5
  2822 | D:3      | Found a sparkling altar of Nemelex Xobeh.
  2822 | D:3      | Found an opulent altar of Gozag.
  2874 | D:3      | Reached skill level 1 in Short Blades
  3503 | D:4      | Got a jewelled whip
  3504 | D:4      | Identified the +4 whip "Xerusm" {speed, rN+ Str-2 Dex+4}
                  | (You found it on level 4 of the Dungeon)
  3677 | D:4      | Noticed a centaur
  3684 | D:4      | Reached skill level 2 in Short Blades
  3684 | D:4      | Reached XP level 6. HP: 38/41 MP: 6/6
  3686 | D:4      | Reached skill level 3 in Short Blades
  3806 | D:4      | Noticed a phantom
  3863 | D:4      | Found Oxtoik's Gadget Shop.
  3882 | D:4      | Killed a phantom
  3882 | D:4      | Reached skill level 4 in Short Blades
  3882 | D:4      | Reached skill level 5 in Stealth
  3882 | D:4      | Reached XP level 7. HP: 29/46 MP: 7/7
  4298 | D:5      | Entered Level 5 of the Dungeon
  4317 | D:5      | Reached skill level 5 in Short Blades
  4350 | D:5      | Reached skill level 5 in Dodging
  4466 | D:5      | Reached skill level 6 in Short Blades
  4555 | D:5      | Reached XP level 8. HP: 51/51 MP: 8/8
  4580 | D:5      | Found a bloodstained altar of Trog.
  4775 | D:5      | Found an ornate altar of the Wu Jian Council.
  4815 | D:5      | Found Pyhar's General Store.
  4820 | D:5      | Bought a scroll of identify for 28 gold pieces
  4864 | D:5      | Reached skill level 7 in Short Blades
  5232 | D:6      | Found a glowing drain.
  5237 | Sewer    | Entered a sewer
  5529 | Sewer    | Reached skill level 8 in Short Blades
  6023 | D:6      | Found a bloodstained altar of Trog.
  6025 | D:6      | Found an ancient bone altar of Kikubaaqudgha.
  6025 | D:6      | Found an iron altar of Okawaru.
  6028 | D:6      | Found a shattered altar of Ashenzari.
  6028 | D:6      | Found a hide-covered altar of Uskayaw.
  6029 | D:6      | Found a blossoming altar of Fedhas.
  6034 | D:6      | Became a worshipper of Warmaster Okawaru
  6321 | D:6      | Reached XP level 9. HP: 56/56 MP: 9/9
  6326 | D:6      | Reached skill level 9 in Short Blades
  6326 | D:6      | Reached skill level 1 in Evocations
  7293 | D:7      | Found a staircase to the Ecumenical Temple.
  7333 | D:7      | Reached * piety under Okawaru
  7333 | D:7      | Reached skill level 10 in Short Blades
  7503 | D:7      | Noticed Maggie
  7778 | D:7      | Killed Maggie
  7778 | D:7      | Reached skill level 1 in Armour
  7813 | D:7      | Reached ** piety under Okawaru
  8011 | D:7      | Reached XP level 10. HP: 55/63 MP: 10/10
  8121 | D:8      | Reached skill level 1 in Shields
  8226 | D:8      | Found a runed translucent gate.
  8226 | D:8      | Found a runed translucent gate.
  8226 | D:8      | Found a runed translucent gate.
  8229 | D:8      | Found an opulent altar of Gozag.
  8229 | D:8      | Noticed a manticore
  8243 | D:8      | Reached skill level 11 in Short Blades
  8740 | D:8      | Found a staircase to the Lair.
  9095 | D:9      | Noticed a two-headed ogre
  9099 | D:9      | Killed a two-headed ogre
  9099 | D:9      | Reached *** piety under Okawaru
  9099 | D:9      | Reached skill level 10 in Stealth
  9099 | D:9      | Reached skill level 5 in Evocations
  9808 | D:9      | Got a steaming falchion
  9809 | D:9      | Identified the cursed +2 falchion of Salt {vamp, *Noise
                  | rF++ Str+2 Int+2} (You found it on level 9 of the Dungeon)
  9862 | D:9      | Reached **** piety under Okawaru
  9901 | D:9      | Found a glowing golden altar of the Shining One.
  9901 | D:9      | Found a snail-covered altar of Cheibriados.
  9991 | D:9      | Found a shattered altar of Ashenzari.
 10281 | D:10     | Entered Level 10 of the Dungeon
 10281 | D:10     | Noticed Josephine
 10592 | D:9      | Reached XP level 11. HP: 53/67 MP: 11/11
 10664 | D:10     | Reached skill level 12 in Short Blades
 10719 | D:10     | Noticed Snorg
 10737 | D:10     | HP: 4/100 [Snorg (5)]
 10737 | D:10     | Mangled by Snorg

Illustrated notes

Levels and vault maps discovered:
D:1:      dpeg_arrival_rhombi, layout_loops_corners, corexii_hall_statues_s
D:2:      layout_basic, serial_glass, glass_columns_a, glass_columns_c,
          glass_columns_c, glass_columns_a
D:3:      layout_basic, grunt_temple_overflow_opulence,
          chequers_serial_rivers_micro_b
D:4:      layout_cave_pools, serial_column_ruins, column_ruins_open_small,
          column_ruins_grid_1, column_ruins_grid_1,
          column_ruins_columns_dead_end, column_ruins_columns_corner,
          column_ruins_open_small_water, serial_shops, shop
D:5:      layout_cave_pools, nicolae_overflow_hidden_temple, basic_altar,
          serial_shops, nicolae_shop_crystal
D:6:      layout_basic, grunt_temple_overflow_open, gup_sewer_entry_spiral
D:7:      layout_rooms, minmay_temple_entry_glass, uniq_maggie
D:8:      layout_cave_pools, grunt_lair_entry_orc_guard_hut, ebering_ghost_gozag
D:9:      layout_roguey, gammafunk_temple_overflow_wave, evilmike_ruin_ashenzari
D:10:     layout_cave_pools, uniq_josephine, uniq_snorg

Skill      XL: |  1  2  3  4  5  6  7  8  9 10 11 |
---------------+----------------------------------+-----
Fighting       | 5 6 7 |  7.4
Dodging        | 4 5 6 7 |  7.0
Stealth        | 2 3 4 5 6 7 8 10 | 10.9
Short Blades   | 2 4 6 8 10 11 12 | 12.0
Evocations     | 3 5 |  5.9
Armour         | 1 2 |  2.3
Shields        | 1 2 |  2.4
Staves         | |  1.0
Throwing       | |  1.1
Invocations    | |  0.3

Action                   |  1- 3 |  4- 6 |  7- 9 | 10-12 || total
-------------------------+-------+-------+-------+-------++-------
Melee: Quarterstaff      |    56 |    36 |       |       ||    92
       Short sword       |       |    74 |   246 |   206 ||   526
Invok: Heroism           |       |       |     1 |     2 ||     3
Evoke: Wand              |       |       |       |    13 ||    13
  Use: Potion            |     1 |     3 |     3 |     3 ||    10
       Scroll            |       |     6 |     4 |    10 ||    20
 Stab: Sleeping          |     8 |    13 |    32 |    21 ||    74
       Distracted        |       |       |     1 |       ||     1
       Paralysed         |       |       |       |     1 ||     1
Armor: Robe              |     4 |    11 |    16 |       ||    31
       Skin              |    33 |     7 |       |    19 ||    59
       Leather armour    |       |       |    12 |    13 ||    25
Dodge: Dodged            |    38 |    82 |   171 |   104 ||   395
Block: Buckler           |       |       |    19 |    22 ||    41

Table legend: (Time is in decaauts)
 A = Elapsed time spent in this place.
 B = Non-inter-level travel time spent in this place.
 C = Inter-level travel time spent in this place.
 D = Time resting spent in this place.
 E = Time spent auto-exploring this place.
 F = Levels seen in this place.
 G = Mean time per level.
                   A        B        C        D        E       F      G
               +--------+--------+--------+--------+--------+-----+--------+
         Total |  10795 |  10449 |    346 |   1444 |   7270 |  11 |  981.4 |
       Dungeon |   9981 |   9635 |    346 |   1444 |   6637 |  10 |  998.1 |
         Sewer |    814 |    814 |      0 |      0 |    633 |   1 |  814.0 |
               +--------+--------+--------+--------+--------+-----+--------+

Top non-repeatable levels by time:
     D:9: 1579 daAuts
     D:1: 1576 daAuts
     D:6: 1507 daAuts
     D:2: 1176 daAuts
     D:8: 888 daAuts
     D:7: 828 daAuts
     D:4: 825 daAuts
   Sewer: 814 daAuts
     D:5: 771 daAuts
     D:3: 744 daAuts
    D:10: 84 daAuts
